 Dungeon Crawl Stone Soup version 0.14.2 (webtiles) character file.

63492 Amnesiac the Evocator (level 14, -11/81 HPs)
             Began as a Spriggan Artificer on Feb 10, 2018.
             Was the Champion of Nemelex Xobeh.
             Mangled by a jumping spider (14 damage)
             ... summoned by a deep elf summoner
             ... on Level 1 of the Elven Halls.
             The game lasted 01:15:56 (20012 turns).

Amnesiac the Evocator (Spriggan Artificer)         Turns: 20012, Time: 01:15:57

HP -11/81        AC  8     Str 16      XL: 14   Next: 61%
MP  36/38        EV 16     Int  8      God: Nemelex Xobeh [******]
Gold 1720        SH  0     Dex 18      Spells:  2 memorised,  3 levels left

rFire  + . .     SeeInvis +     M - legendary deck of summonings {drawn: 1}
rCold  . . .     Clarity  +     e - +0 robe
rNeg   . . .     Conserve .     (shield restricted)
rPois  .         rCorr    .     (helmet restricted)
rElec  .         rRot     .     h - +0 cloak
SustAb . .       Spirit   .     (gloves unavailable)
rMut   .         Warding  .     (boots unavailable)
Saprov . . .     Stasis   .     u - amulet of clarity
MR     ++...                    A - +5 ring of protection
                                q - cursed ring of protection from fire

@: very slightly contaminated, held, slowed, quick, very resistant to hostile
enchantments, very stealthy
A: unfitting armour, see invisible, herbivore 3, speed 3, robust 1, slow
metabolism 2
a: Draw One, Peek at Two, Triple Draw, Deal Four, Stack Five, Renounce Religion


You were on level 1 of the Elven Halls.
You worshipped Nemelex Xobeh.
Nemelex Xobeh was exalted by your worship.
You were not hungry.

You visited 4 branches of the dungeon, and saw 17 of its levels.

You collected 1969 gold pieces.
You spent 249 gold pieces at shops.

Inventory:

Hand weapons
 b - a cursed +3 blowgun
Missiles
 f - 96 poisoned needles
 E - 5 curare-tipped needles
Armour
 e - a +0 robe (worn)
 h - a +0 cloak (worn)
Magical devices
 c - a wand of enslavement (7)
 R - a wand of draining (1)
Comestibles
 x - a bread ration
Scrolls
 i - 7 scrolls of remove curse {!r}
 j - a scroll of enchant armour {!r}
 n - 3 scrolls of teleportation {!r}
 o - 3 scrolls of blinking {!r}
 I - 2 scrolls of amnesia {!r}
 J - a scroll of fog {!r}
 S - 4 scrolls of magic mapping {!r}
Jewellery
 q - a cursed ring of protection from fire (left hand)
 u - an amulet of clarity (around neck)
 y - an uncursed ring of flight
 A - a +5 ring of protection (right hand)
 C - an uncursed ring of protection from cold
Potions
 l - 2 potions of haste {!q}
 p - a potion of magic {!q}
 v - 6 potions of curing {!q}
 D - a potion of resistance {!q}
 O - 5 potions of heal wounds {!q}
Magical staves
 k - an uncursed staff of energy
Miscellaneous
 g - an ornate deck of escape {drawn: 1}
 m - an ornate deck of summonings {drawn: 2}
 r - an ornate deck of destruction {drawn: 1}
 s - an ornate deck of escape {drawn: 1}
 t - a legendary deck of destruction {drawn: 2}
 w - a legendary deck of destruction {drawn: 1}
 z - an ornate deck of destruction {drawn: 1}
 B - a legendary deck of summonings {drawn: 1}
 F - an ornate deck of escape {the Tomb}
 G - a legendary deck of summonings {drawn: 2}
 H - an ornate deck of destruction {drawn: 2}
 K - an ornate deck of destruction {drawn: 1}
 L - a legendary deck of destruction
 M - a legendary deck of summonings {drawn: 1} (in hand)
 N - an ornate deck of summonings {drawn: 6}
 P - an ornate deck of destruction {drawn: 1}
Rods
 a - a +9 rod of ignition (5/17)
   (You acquired it on level 6 of the Dungeon)


   Skills:
 + Level 8.5 Fighting
   Level 4.0 Short Blades
 - Level 1.5 Armour
 - Level 15.0 Dodging
 - Level 7.0 Stealth
   Level 3.5 Fire Magic
   Level 2.3 Air Magic
 - Level 25.0 Evocations


You had 3 spell levels left.
You knew the following spells:

 Your Spells              Type           Power        Failure   Level  Hunger
a - Orb of Destruction    Conj           #.........   100%        7    #######
r - Regeneration          Chrm/Necr      #.........   95%         3    ####...


Dungeon Overview and Level Annotations

Branches:
Dungeon (11/15)            Temple (1/1) D:5             Orc (4/4) D:11
    Elf (1/3) Orc:3          Lair (0/8) D:9

Altars:
Ashenzari
Cheibriados
Elyvilon
Kikubaaqudgha
Makhleb
Nemelex Xobeh
Okawaru
Sif Muna
Trog
Vehumet
Xom
Zin
The Shining One
Beogh

Shops:
D:4 %   D:8 }   D:10 =   Orc:1 %!%!   Orc:4 (}([


Innate Abilities, Weirdness & Mutations

You are tiny and cannot use many weapons and most armour.
You have supernaturally acute eyesight.
You are a herbivore.
You cover ground extremely quickly.
You need consume almost no food.
You are robust (+10% HP).


Message History

The jumping spider pounces on you!
* * * LOW HITPOINT WARNING * * *
The jumping spider bites you.
* * * LOW HITPOINT WARNING * * *
The tarantella bites your yak.
Your yak appears confused.
The jumping spider closely misses you.
The jumping spider completely misses you.
The demonic crawler hits your boring beetle but does no damage. x3
The orange rat bites your yak!
The orange rat bites your spiny frog but does no damage.
The deep elf summoner hits your yak with a cutlass.
Your spiny frog stings the orange rat!
The orange rat dies!
The orange rat's corpse disappears in a puff of smoke!
The tarantella bites your yak.
Your yak dies!
Your yak's corpse disappears in a puff of smoke!
The jumping spider misses you. The jumping spider closely misses you.
The demonic crawler hits your boring beetle but does no damage.
The demonic crawler hits your boring beetle!
Your boring beetle dies!
Your boring beetle's corpse disappears in a puff of smoke!
Drink which item? (? for menu, Esc to quit)
Really quaff
v - 7 potions of curing {!q}?
You feel better.
The jumping spider completely misses you. x2
The deep elf summoner mumbles some strange words.
Send 'em back where they came from!
Your spiny frog shudders.
Your sheep disappears in a puff of smoke!
The jumping spider closely misses you.
The jumping spider completely misses you.
The deep elf summoner gestures wildly while chanting.
Read which item? (? for menu, Esc to quit)
Really read
o - 4 scrolls of blinking {!r}?
Blink to where?
Press: ? - help, Dir - move target cursor, p - deep elf summoner
As you read the scroll of blinking {!r}, it crumbles to dust.
You are very lightly contaminated with residual magic.
The jumping spider leaps!
You open the door.
The jumping spider completely misses you.
The jumping spider bites you but does no damage.
The jumping spider misses you.
The jumping spider completely misses you.
The jumping spider misses you.
The jumping spider completely misses you.
There is an open door here.
Use which ability? (? or * to list) Draw from which deck? (? for menu, Esc to quit)
You draw a card...
It is Flame.
The deck of cards disappears in a puff of smoke.
You have drawn Flame.
Press: ? - help, Shift-Dir - straight line, f - jumping spider
Aim: a jumping spider (clinging, summoned)
The bolt of fire misses the jumping spider.
The jumping spider pounces on you!
* * * LOW HITPOINT WARNING * * *
You are caught in a web!
The jumping spider bites you but does no damage.
The jumping spider pounces on you!
You die...
Your body glows with a rainbow of weird colours and disappears.

#....s.# #.....s#
#....s.# #......#
#......# #......###
#........#
#.....##s##
##..####@..####
##..##.........##
#..##...........##
#.##.............#
##.#....#.....#....#
#..#...###...###...#
#.##....#.....#....#
#.#.................
#.'........<........


You could see a jumping spider.

Vanquished Creatures
  An orc warlord (Orc:4)
  Urug (Orc:3)
  Nergalle (Orc:3)
  An orc high priest (Orc:4)
  A skeletal warrior (Orc:2)
  An unseen horror (D:11)
  3 hill giants
  A deep elf conjurer (Elf:1)
  2 orc sorcerers
  4 elephants (D:8)
  A tormentor (D:9)
  A hog (D:9)
  Sonja (Elf:1)
  3 jumping spiders (Elf:1)
  3 trolls
  A two-headed ogre (D:11)
  A trapdoor spider zombie (D:11)
  A human (D:9)
  2 deep elf magi
  Eustachio (Orc:1)
  A vampire mosquito (Orc:2)
  3 deep elf fighters (Elf:1)
  Grum (Orc:4)
  A wyvern (D:8)
  17 yaks
  3 wolves
  3 wargs
  4 ugly things (D:11)
  A steam dragon (D:8)
  An ogre zombie (D:9)
  A necrophage (D:10)
  A tengu skeleton (D:11)
  28 orc warriors
  2 black bears
  2 ice beasts (D:6)
  3 centaurs (D:7)
  A sky beast (D:9)
  4 ogres
  5 giant frogs
  A gnoll sergeant (D:11)
  3 scorpions
  3 killer bees (D:7)
  8 wights
  3 jellies
  2 goliath beetles
  3 crimson imps
  9 hounds
  27 orc wizards
  Crazy Yiuf (D:3)
  28 orc priests
  4 worker ants
  2 iguanas
  An ogre skeleton (D:6)
  12 gnolls
  A worker ant zombie (D:11)
  7 adders
  2 giant mites
  An inept feature mimic (D:8)
  A shadow imp (D:6)
  4 worms
  2 giant eyeballs
  10 giant geckos
  159 orcs
  2 giant cockroaches
  32 goblins
  16 hobgoblins
  16 jackals
  11 kobolds
  6 quokkas
  2 ball pythons
  17 bats
  A giant cockroach zombie (D:5)
  8 giant newts
  2 giant spores
  13 rats
  2 spectral orcs (Orc:3)
  7 ballistomycetes
542 creatures vanquished.

Vanquished Creatures (collateral kills)
  A deep elf demonologist (Elf:1)
  A deep elf high priest (Elf:1)
  A death yak (D:9)
  3 elephants (D:9)
  A gargoyle (D:10)
  A small abomination (Elf:1)
  2 deep elf priests (Elf:1)
  3 deep elf magi
  5 yaks (D:9)
  3 deep elf fighters (Elf:1)
  A vampire mosquito (D:9)
  A soldier ant (Elf:1)
  4 orc warriors
  A yellow wasp (D:9)
  2 centaurs
  An insubstantial wisp (D:9)
  A gnoll sergeant (D:9)
  A hound (D:10)
  4 orc wizards
  An orange rat (Elf:1)
  3 orc priests
  2 iguanas
  3 sheep (D:9)
  Jessica (D:2)
  3 gnolls (D:9)
  A shadow imp (D:10)
  19 orcs
  A goblin (Orc:4)
  A hobgoblin (D:9)
  2 jackals (D:9)
  A quokka (D:10)
  A rat (D:9)
76 creatures vanquished.

Vanquished Creatures (others)
  An eldritch tentacle (D:9)
  2 dancing weapons (D:10)
  A very ugly thing (D:9)
  A spiny frog (Elf:1)
  A vapour (Elf:1)
  A yak (Elf:1)
  A ynoxinul (D:10)
  3 ugly things
  A boring beetle (Elf:1)
  3 insubstantial wisps
  2 hounds
  3 sheep (D:9)
  A giant spore (D:8)
  63 eldritch tentacle segments (D:9)
84 creatures vanquished.

Grand Total: 702 creatures vanquished

Notes
Turn   | Place    | Note
--------------------------------------------------------------
     0 | D:1      | Amnesiac, the Spriggan Artificer, began the quest for the Orb.
     0 | D:1      | Reached XP level 1. HP: 9/9 MP: 2/2
    55 | D:1      | Reached skill level 1 in Fighting
   427 | D:2      | Noticed Jessica
   474 | D:2      | Killed Jessica
   474 | D:2      | Reached XP level 2. HP: 14/14 MP: 5/5
   765 | D:4      | Found Maecw's Food Shoppe.
  1027 | D:4      | Reached XP level 3. HP: 9/18 MP: 8/8
  1913 | D:4      | Reached skill level 5 in Evocations
  2228 | D:5      | Entered Level 5 of the Dungeon
  2269 | D:5      | Reached XP level 4. HP: 19/22 MP: 11/11
  2303 | D:5      | Found a staircase to the Ecumenical Temple.
  2329 | Temple   | Entered the Ecumenical Temple
  2362 | Temple   | Became a worshipper of Nemelex Xobeh the Trickster
  2862 | D:1      | Received a gift from Nemelex Xobeh
  3342 | D:1      | Reached skill level 6 in Evocations
  4006 | D:2      | Acquired Nemelex Xobeh's first power
  4811 | D:3      | Reached XP level 5. HP: 25/25 MP: 15/15
  4957 | D:3      | Acquired Nemelex Xobeh's second power
  5230 | D:3      | Reached skill level 7 in Evocations
  5303 | D:3      | Found a burning altar of Makhleb.
  5303 | D:3      | Noticed a balrug
  5306 | D:3      | Noticed a smoke demon
  5306 | D:3      | Noticed a hellwing
  5369 | D:3      | Noticed Crazy Yiuf
  5413 | D:3      | Killed Crazy Yiuf
  5413 | D:3      | Reached skill level 5 in Dodging
  5418 | D:3      | Received a gift from Nemelex Xobeh
  5587 | D:3      | Found a shimmering altar of Xom.
  6091 | D:5      | Reached XP level 6. HP: 14/30 MP: 18/18
  6259 | D:5      | Reached skill level 8 in Evocations
  6320 | D:5      | Found a shattered altar of Ashenzari.
  7066 | D:6      | Reached skill level 9 in Evocations
  7528 | D:6      | Reached XP level 7. HP: 33/33 MP: 21/21
  7839 | D:6      | Reached skill level 10 in Evocations
  7980 | D:6      | Acquired Nemelex Xobeh's third power
  8485 | D:6      | Reached XP level 8. HP: 31/37 MP: 24/24
  8618 | D:5      | Found a radiant altar of Vehumet.
  8618 | D:5      | Found a glowing silver altar of Zin.
  8701 | D:6      | Received a gift from Nemelex Xobeh
  9091 | D:6      | Identified a scroll of acquirement {!r}
  9093 | D:6      | Identified a +4 rod of ignition (14/14) (You acquired it on level 6 of the Dungeon)
  9168 | D:6      | Learned a level 3 spell: Regeneration
  9365 | D:7      | Reached skill level 5 in Stealth
  9537 | D:7      | Reached skill level 10 in Dodging
  9942 | D:8      | Acquired Nemelex Xobeh's fourth power
  9954 | D:8      | Received a gift from Nemelex Xobeh
 10069 | D:8      | Paralysed by a giant eyeball for 3 turns
 10084 | D:8      | Paralysed by a giant eyeball for 2 turns
 10088 | D:8      | Paralysed by a giant eyeball for 3 turns
 10097 | D:8      | Paralysed by a giant eyeball for 3 turns
 10331 | D:8      | Paralysed by a giant eyeball for 4 turns
 10448 | D:8      | Found Groeh's Gadget Shop.
 10576 | D:8      | Found an ancient bone altar of Kikubaaqudgha.
 10648 | D:8      | Reached XP level 9. HP: 40/44 MP: 25/25
 10657 | D:8      | Found an iron altar of Okawaru.
 10778 | D:8      | Received a gift from Nemelex Xobeh
 11073 | D:8      | Paralysed by a giant eyeball for 3 turns
 11087 | D:8      | Paralysed by a giant eyeball for 4 turns
 11175 | D:9      | Noticed an elephant
 11176 | D:9      | Noticed an elephant
 11176 | D:9      | Noticed an elephant
 11176 | D:9      | Noticed an elephant
 11176 | D:9      | Noticed an elephant
 11177 | D:9      | Noticed an elephant
 11177 | D:9      | Noticed an elephant
 11177 | D:9      | Noticed an elephant
 11180 | D:9      | Found a staircase to the Lair.
 11180 | D:9      | Noticed a death yak
 11246 | D:8      | Killed an elephant
 11246 | D:8      | Reached skill level 5 in Fighting
 11447 | D:8      | Acquired Nemelex Xobeh's fifth power
 11570 | D:8      | Killed an elephant
 11719 | D:8      | Killed an elephant
 11873 | D:8      | Killed an elephant
 11873 | D:8      | Reached XP level 10. HP: 52/55 MP: 25/27
 11952 | D:9      | Received a gift from Nemelex Xobeh
 11953 | D:9      | Killed a death yak
 11953 | D:9      | Reached skill level 11 in Dodging
 11982 | D:9      | Killed an elephant
 11995 | D:9      | Killed an elephant
 12006 | D:9      | Received a gift from Nemelex Xobeh
 12190 | D:9      | Killed an elephant
 12336 | D:9      | Found a glowing golden altar of the Shining One.
 12386 | D:9      | Received a gift from Nemelex Xobeh
 12474 | D:9      | Reached skill level 12 in Dodging
 12502 | D:9      | Received a gift from Nemelex Xobeh
 12747 | D:10     | Entered Level 10 of the Dungeon
 12747 | D:10     | Noticed a hill giant
 12755 | D:10     | Killed a hill giant
 12788 | D:10     | Received a gift from Nemelex Xobeh
 12941 | D:10     | Found a glowing golden altar of the Shining One.
 13108 | D:10     | Received a gift from Nemelex Xobeh
 13128 | D:10     | Found Avixtaig's Jewellery Boutique.
 13427 | D:10     | Reached skill level 13 in Dodging
 13427 | D:10     | Reached XP level 11. HP: 60/60 MP: 29/29
 13452 | D:10     | Received a gift from Nemelex Xobeh
 13775 | D:9      | Reached skill level 19 in Evocations
 13775 | D:9      | Reached XP level 12. HP: 64/64 MP: 30/34
 13778 | D:9      | Reached skill level 22 in Evocations
 13778 | D:9      | Reached XP level 13. HP: 68/68 MP: 30/36
 13779 | D:9      | Shuffle card: Str 16[16], Int 10[10], Dex 16[16]
 13780 | D:9      | Received a gift from Nemelex Xobeh
 13806 | D:9      | Gained mutation: You are robust (+10% HP). [helix card]
 13811 | D:9      | Reached skill level 25 in Evocations
 13811 | D:9      | Reached XP level 14. HP: 74/80 MP: 36/38
 13822 | D:9      | Killed an eldritch tentacle
 13990 | D:9      | Received a gift from Nemelex Xobeh
 14016 | D:9      | Learned a level 7 spell: Orb of Destruction
 14469 | D:11     | Received a gift from Nemelex Xobeh
 14761 | D:11     | Reached skill level 1 in Air Magic
 14771 | D:11     | Received a gift from Nemelex Xobeh
 15122 | D:11     | Received a gift from Nemelex Xobeh
 15141 | D:11     | Found a staircase to the Orcish Mines.
 15289 | D:11     | Reached skill level 1 in Armour
 15604 | Orc:1    | Entered Level 1 of the Orcish Mines
 15604 | Orc:1    | Found Gecauk's Distillery.
 15604 | Orc:1    | Noticed Eustachio
 15640 | Orc:1    | Killed Eustachio
 15640 | Orc:1    | Reached skill level 1 in Fire Magic
 15651 | Orc:1    | Received a gift from Nemelex Xobeh
 15673 | Orc:1    | Found Hoth's Food Boutique.
 15826 | Orc:1    | Found Adwaorat's Food Boutique.
 16048 | Orc:2    | Received a gift from Nemelex Xobeh
 16164 | Orc:3    | Found a staircase to the Elven Halls.
 16170 | Orc:3    | Noticed Nergalle
 16178 | Orc:3    | Killed Nergalle
 16352 | Orc:2    | Received a gift from Nemelex Xobeh
 16497 | Orc:1    | Found Afiw's Distillery.
 16545 | Orc:1    | Received a gift from Nemelex Xobeh
 16731 | Orc:1    | Found a deep blue altar of Sif Muna.
 16749 | Orc:1    | Identified Sif Muna's Grimoire of Evil Magic
 16795 | Orc:1    | Bought a potion of agility for 30 gold pieces
 16795 | Orc:1    | Bought a potion of restore abilities for 36 gold pieces
 16795 | Orc:1    | Bought a potion of invisibility for 66 gold pieces
 17240 | Orc:4    | Entered Level 4 of the Orcish Mines
 17379 | Orc:3    | Noticed Grum
 17395 | Orc:4    | Received a gift from Nemelex Xobeh
 17560 | Orc:4    | Killed Grum
 18140 | Orc:4    | Received a gift from Nemelex Xobeh
 18373 | Orc:4    | Found a roughly hewn altar of Beogh.
 18373 | Orc:4    | Found Uzits' Antique Weapon Shoppe.
 18391 | Orc:4    | Received a gift from Nemelex Xobeh
 18648 | Orc:4    | Found a roughly hewn altar of Beogh.
 18655 | Orc:4    | Received a gift from Nemelex Xobeh
 18684 | Orc:4    | Found a roughly hewn altar of Beogh.
 18684 | Orc:4    | Found Oluesinu's Gadget Boutique.
 19010 | Orc:3    | Noticed Urug
 19025 | Orc:3    | Killed Urug
 19036 | Orc:3    | Received a gift from Nemelex Xobeh
 19201 | Orc:4    | Noticed an orc warlord
 19239 | Orc:4    | Killed an orc warlord
 19256 | Orc:4    | Reached skill level 15 in Dodging
 19265 | Orc:4    | Received a gift from Nemelex Xobeh
 19374 | Orc:4    | Received a gift from Nemelex Xobeh
 19477 | Orc:4    | Found a roughly hewn altar of Beogh.
 19477 | Orc:4    | Found Acanalef's Antique Weapon Boutique.
 19482 | Orc:4    | Found Kleuplat's Antique Armour Shop.
 19499 | Orc:4    | Bought a cloak for 117 gold pieces
 19561 | Orc:4    | Found a roughly hewn altar of Beogh.
 19565 | Orc:4    | Received a gift from Nemelex Xobeh
 19709 | Orc:4    | Found a roughly hewn altar of Beogh.
 19754 | Elf:1    | Entered Level 1 of the Elven Halls
 19799 | Elf:1    | Received a gift from Nemelex Xobeh
 19973 | Elf:1    | Noticed Sonja
 19977 | Elf:1    | Killed Sonja
 20012 | Elf:1    | HP: 3/81 [jumping spider[a deep elf summoner] (17)]
 20012 | Elf:1    | Mangled by a jumping spider

Action                   |  1- 3 |  4- 6 |  7- 9 | 10-12 | 13-15 || total
-------------------------+-------+-------+-------+-------+-------++-------
Melee: Short sword       |    25 |       |       |       |       ||    25
       Dagger            |       |    98 |   250 |    96 |    12 ||   456
       Rod               |       |       |    32 |     4 |   422 ||   458
       Blowgun           |       |       |     8 |       |       ||     8
       Cutlass           |       |       |       |    13 |    33 ||    46
       Unarmed           |       |       |       |       |     5 ||     5
 Fire: Sling             |   114 |   279 |   101 |       |       ||   494
       Blowgun           |       |     4 |    77 |       |       ||    81
Invok: Draw One          |       |       |       |     4 |     8 ||    12
 Abil: Evoke Flight      |       |       |       |       |     1 ||     1
Evoke: Wand              |     1 |    19 |    19 |     3 |       ||    42
       Deck              |       |       |    14 |    41 |    72 ||   127
       Rod               |       |       |     7 |     3 |    64 ||    74
  Use: Potion            |       |     1 |       |       |     1 ||     2
       Scroll            |       |     5 |    17 |     2 |     5 ||    29
 Stab: Sleeping          |     1 |       |     9 |     2 |     9 ||    21
       Paralysed         |       |       |     1 |       |       ||     1
       Distracted        |       |       |       |       |     2 ||     2
